 Dungeon Crawl Stone Soup version 0.27.1-33-g824d729ab1 (webtiles) character file.

Game seed: 12234419386841908530

5394 Kaptain the Geomancer (level 10, -16/59 HPs)
             Began as a Gargoyle Earth Elementalist on Dec 24, 2021.
             Demolished by a boulder beetle (50 damage)
             ... on level 9 of the Dungeon.
             The game lasted 00:28:10 (10850 turns).

Kaptain the Geomancer (GrEE)                       Turns: 10850, Time: 00:28:10

Health: -16/59     AC: 17    Str: 12    XL:     10   Next: 66%
Magic:  2/20       EV: 16    Int: 19    God:
Gold:   564        SH:  0    Dex: 10    Spells: 11/23 levels left

rFire    . . .     SeeInvis +   I - +4 scimitar of the Seven Ziggurats {drain, SInv Stlth+}
rCold    . . .     Faith    .   (no shield)
rNeg     + . .     Spirit   .   z - +0 steam dragon scales
rPois    ∞         Reflect  .   (no helmet)
rElec    +         Harm     .   B - +0 cloak
rCorr    .         Rampage  .   a - +2 pair of gloves
Will     .....                  (no boots)
Stlth    ++++......             (no amulet)
HPRegen  0.19/turn              w - ring of wizardry
MPRegen  0.17/turn              y - +4 ring of evasion

@: no status effects
A: sickness immunity, AC +7, negative energy resistance 1, electricity
resistance, torment resistance 1, petrification resistance
a: no special abilities


You were on level 9 of the Dungeon.
You visited 2 branches of the dungeon, and saw 10 of its levels.

You collected 564 gold pieces.

Inventory:

Hand Weapons
 x - a +3 dagger of venom
 D - a +6 morningstar of freezing
 E - a +4 flail
 I - the +4 scimitar of the Seven Ziggurats (weapon) {drain, SInv Stlth+}
   (You found it on level 9 of the Dungeon)

   A truly terrible weapon, it drains the life of any living foe it strikes.
   SInv:      It lets you see invisible.
   Stlth:     It makes you more stealthy.
Missiles
 c - 171 stones
 j - a throwing net
Armour
 a - a +2 pair of gloves (worn)
 z - +0 steam dragon scales (worn)
 A - the -1 buckler of the Northern Lights {rElec Str+6 Stlth-}
   (You found it on level 7 of the Dungeon)

   Str:       It affects your strength (+6).
   rElec:     It insulates you from electricity.
   Stlth:     It makes you less stealthy.
 B - a +0 cloak (worn)
 H - the -1 pair of gloves of Arulifi {rCorr}
   (You found it on level 8 of the Dungeon)

   rCorr:     It protects you from acid and corrosion.
Magical Staves
 n - a staff of fire
Jewellery
 r - a ring of flight
 w - a ring of wizardry (left hand)
 y - a +4 ring of evasion (right hand)
 F - a +6 ring of intelligence
 G - a ring of ice
Scrolls
 d - a scroll of magic mapping
 f - 2 scrolls of amnesia {unknown}
 k - a scroll of blinking
 s - 2 scrolls of fog {unknown}
 u - 2 scrolls of identify
 v - a scroll of immolation
 C - a scroll of enchant weapon
Potions
 b - a potion of brilliance
 g - 4 potions of flight
 h - a potion of invisibility {unknown}
 i - 3 potions of curing
 l - 4 potions of heal wounds
 m - a potion of might
 o - 2 potions of mutation {unknown}
 p - 2 potions of degeneration {unknown}
 q - 2 potions of lignification


   Skills:
 + Level 5.4 Fighting
 + Level 5.1 Armour
 - Level 1.8 Dodging
 + Level 6.7 Stealth
 + Level 2.4 Shields
 * Level 7.1 Spellcasting
 * Level 7.3 Conjurations
 - Level 0.7 Transmutations
 * Level 9.5 Earth Magic


You had 11 spell levels left.
You knew the following spells:

 Your Spells              Type           Power      Damage    Failure   Level
a - Sandblast             Erth           84%        2d18      1%          1
b - Passwall              Tmut/Erth      21%        N/A       1%          2
c - Stone Arrow           Conj/Erth      76%        3d11      1%          3
d - Sticky Flame          Conj/Fire      20%        2d4       9%          4
e - Blink                 Tloc           N/A        N/A       6%          2

Your spell library contained the following spells:

 Spells                   Type           Power      Damage    Failure   Level
 Static Discharge         Conj/Air       20%        N/A       1%          2
 Petrify                  Tmut/Erth      26%        N/A       4%          4
 Lesser Beckoning         Tloc           3%         N/A       12%         3
 Summon Guardian Golem    Hex/Summ       6%         N/A       12%         3
 Dispel Undead            Necr           6%         3d8       36%         4
 Manifold Assault         Tloc           6%         N/A       69%         5
 Metabolic Englaciation   Hex/Ice        3%         N/A       69%         5
 Conjure Ball Lightning   Conj/Air       10%        3x3d6     77%         6
 Orb of Destruction       Conj           17%        9d8       82%         7
 Spellforged Servitor     Conj/Summ      10%        N/A       99%         7
 Discord                  Hex            3%         N/A       100%        8
 Disjunction              Tloc           3%         N/A       100%        8
 Statue Form              Tmut/Erth      Unusable   N/A       N/A         6

Dungeon Overview and Level Annotations

Branches:
Dungeon (9/15)             Temple (1/1) D:6            Lair (0/6) D:8
    Orc: D:9-12

Altars:
Ashenzari
Cheibriados
Elyvilon
Fedhas
Gozag
Hepliaklqana
Kikubaaqudgha
Makhleb
Nemelex Xobeh
Qazlal
Ru
Sif Muna
Trog
Vehumet
Wu Jian
Xom
Yredelemnul
Zin
The Shining One

Annotations:
D:6 2 runed translucent doors


Innate Abilities, Weirdness & Mutations

You are immune to sickness and miasma.
Your stone body is resilient. (AC +7)
You are immune to poison.
You resist negative energy. (rN+)
You are resistant to electric shocks. (rElec)
You are resistant to unholy torment.
You are immune to petrification.


Message History

Aim: a boulder beetle (almost dead, 100% to hit)
The puff of flame hits the boulder beetle.
The boulder beetle is almost dead.
The boulder beetle bites you but does no damage.
Unknown command.
Aiming: Throw Flame
Press: ? - help, Shift-Dir - straight line, f/p - boulder beetle
Aim: a boulder beetle (almost dead, 100% to hit)
The puff of flame hits the boulder beetle but does no damage.
The boulder beetle is almost dead.
The now-empty wand crumbles to dust.
The boulder beetle bites you but does no damage.
You aren't carrying any items that you can evoke.
Unknown command.
Unknown command.
Unknown command.
Casting: Stone Arrow (safe; 1% risk of failure)
Confirm with . or Enter, or press ? or * to list all spells.
Aiming: Sandblast (safe; 1% risk of failure)
Press: ? - help, Shift-Dir - straight line, f/p - boulder beetle
Aim: a boulder beetle (almost dead, 100% to hit)
The blast of sand hits the boulder beetle but does no damage.
The boulder beetle is almost dead.
The boulder beetle bites you but does no damage.
Unknown command.
Casting: Sandblast (safe; 1% risk of failure)
Confirm with . or Enter, or press ? or * to list all spells.
Aiming: Sandblast (safe; 1% risk of failure)
Press: ? - help, Shift-Dir - straight line, f/p - boulder beetle
Aim: a boulder beetle (almost dead, 100% to hit)
The blast of sand hits the boulder beetle but does no damage.
The boulder beetle is almost dead.
The boulder beetle leaps!
Unknown command.
The boulder beetle curls into a ball and begins rolling!
You see here a yak corpse.
There is a stone staircase leading up here.
The boulder beetle hits you!!!
Ouch! That really hurt!
You die...

#.##....###.......†....###
#.##.............##.......
#.###...###..###.##.......
#.# ##.## ##.# #.##....?..
#.# #..## #.# #..........
#.####...###.######.......
#..........†.°°○.B°.°○....
######...###°######>......
##..@B○.# ####.###
######## #.# #.# #.# #.#
#.. ###


You could see a boulder beetle (rolling).

Vanquished Creatures
  Pikel (D:6)
  Psyche (D:8)
  A hornet (D:9)
  A wyvern (D:7)
  9 yaks (D:9)
  2 steam dragons
  Duvessa (D:6)
  An ice beast (D:6)
  2 black bears
  3 orc warriors
  2 ogres
  A centaur (D:7)
  A phantom (D:6)
  2 lemures (D:6)
  2 kobold brigands
  A bullfrog (D:6)
  Dowan (D:6)
  A water moccasin skeleton (D:4)
  5 wights (D:7)
  6 howler monkeys
  3 centaur zombies
  2 orc priests (D:7)
  3 hounds
  Crazy Yiuf (D:6)
  A centaur skeleton (D:7)
  4 jellies
  A gnoll shaman (D:7)
  A bullfrog skeleton (D:5)
  Natasha (twice) (D:3)
  3 iron imps (D:6)
  Ijyb (D:4)
  2 iguanas (D:6)
  4 orc wizards
  A hound skeleton (D:5)
  A howler monkey zombie (D:8)
  11 gnolls
  7 adders
  A shadow imp (D:6)
  2 white imps
  2 adder skeletons
  4 worms
  4 dart slugs
  23 orcs
  8 ball pythons
  4 endoplasms
  2 giant cockroaches
  8 goblins
  8 hobgoblins
  3 jackals (D:2)
  16 kobolds
  3 quokkas
  6 bats
  A rat (D:1)
187 creatures vanquished.

Vanquished Creatures (others)
  2 fungi (D:6)
2 creatures vanquished.

Grand Total: 189 creatures vanquished

Notes
Turn   | Place    | Note
-------+----------+-------------------------------------------
     0 | D:1      | Kaptain the Gargoyle Earth Elementalist began the quest for
                  | the Orb.
     0 | D:1      | Reached XP level 1. HP: 10/10 MP: 3/3
   192 | D:1      | Reached XP level 2. HP: 12/16 MP: 0/5
   608 | D:1      | Reached skill level 4 in Earth Magic
   776 | D:1      | Reached XP level 3. HP: 20/20 MP: 4/6
  1276 | D:2      | Reached skill level 1 in Fighting
  1356 | D:2      | Found a faded altar of an unknown god.
  1644 | D:2      | Reached XP level 4. HP: 23/25 MP: 1/8
  2033 | D:3      | Noticed Natasha
  2087 | D:3      | Killed Natasha
  2088 | D:3      | Reached XP level 5. HP: 27/30 MP: 0/9
  2091 | D:3      | Learned a level 2 spell: Passwall
  2095 | D:3      | Learned a level 3 spell: Stone Arrow
  2156 | D:3      | Found a radiant altar of Vehumet.
  2528 | D:3      | Noticed Natasha
  2536 | D:3      | Killed Natasha
  2537 | D:3      | Reached skill level 1 in Armour
  2796 | D:4      | Reached skill level 5 in Earth Magic
  2800 | D:4      | Reached skill level 1 in Conjurations
  2804 | D:4      | Reached XP level 6. HP: 35/35 MP: 3/11
  2920 | D:4      | Found a glowing silver altar of Zin.
  2926 | D:4      | Found a glowing golden altar of the Shining One.
  2926 | D:4      | Found a broken altar of Ashenzari.
  2929 | D:4      | Found a sparkling altar of Nemelex Xobeh.
  3005 | D:4      | Noticed Ijyb
  3077 | D:4      | Killed Ijyb
  3982 | D:4      | Found an ornate altar of the Wu Jian Council.
  4381 | D:5      | Entered Level 5 of the Dungeon
  4397 | D:5      | Reached XP level 7. HP: 40/40 MP: 8/12
  4671 | D:5      | Reached skill level 6 in Earth Magic
  5276 | D:6      | Reached XP level 8. HP: 46/46 MP: 6/14
  5466 | D:6      | Found a staircase to the Ecumenical Temple.
  5487 | D:6      | Found a burning altar of Makhleb.
  5668 | D:6      | Noticed Pikel
  5678 | D:6      | Killed Pikel
  5679 | D:6      | Reached skill level 5 in Stealth
  5679 | D:6      | Reached skill level 5 in Spellcasting
  5679 | D:6      | Reached skill level 7 in Earth Magic
  5824 | D:6      | Noticed Duvessa
  5827 | D:6      | Noticed Dowan
  5831 | D:6      | Killed Duvessa
  5832 | D:6      | Reached XP level 9. HP: 42/52 MP: 6/16
  5836 | D:6      | Killed Dowan
  5945 | D:6      | Reached skill level 5 in Conjurations
  6393 | Temple   | Entered the Ecumenical Temple
  6547 | D:6      | Found a runed translucent door.
  6548 | D:6      | Noticed Crazy Yiuf
  6794 | D:6      | Found a large runed translucent door.
  6797 | D:6      | Found a large runed translucent door.
  6917 | D:6      | Killed Crazy Yiuf
  7598 | D:7      | Learned a level 4 spell: Sticky Flame
  7601 | D:7      | Learned a level 2 spell: Blink
  7646 | D:7      | Reached skill level 8 in Earth Magic
  8339 | D:7      | Found a basalt altar of Yredelemnul.
  8823 | D:7      | Identified the -1 buckler of the Northern Lights {rElec
                  | Str+6 Stlth-}
  9053 | D:8      | Noticed Psyche
  9059 | D:8      | Killed Psyche
  9060 | D:8      | Reached skill level 1 in Shields
  9060 | D:8      | Reached XP level 10. HP: 58/58 MP: 9/19
  9159 | D:8      | Reached skill level 5 in Fighting
  9377 | D:8      | Found a staircase to the Lair.
  9621 | D:8      | Found a faded altar of an unknown god.
  9622 | D:8      | Found a hazy altar of Hepliaklqana.
 10017 | D:8      | Identified the -1 pair of gloves of Arulifi {rCorr}
 10129 | D:9      | Reached skill level 9 in Earth Magic
 10286 | D:9      | Identified the +4 scimitar of the Seven Ziggurats {drain,
                  | SInv Stlth+}
 10377 | D:9      | Found a stormy altar of Qazlal.
 10679 | D:9      | Reached skill level 5 in Armour
 10679 | D:9      | Noticed a boulder beetle
 10850 | D:9      | Demolished by a boulder beetle

Illustrated notes

Levels and vault maps discovered:
D:1:      matt_arrival_grand_opening, layout_loops_ring,
          chequers_serial_rivers_room_a
D:2:      layout_basic, dilly_ecumenical_altar_fadedgnrine
D:3:      layout_rooms, nicolae_overflow_hidden_temple, uniq_natasha
D:4:      layout_cave_pods, minitemple, nzn_wu_jian_council_hall,
          cheibrodos_sewer_entry_drain, minivault_11, uniq_ijyb
D:5:      layout_rooms
D:6:      layout_basic, jmf_multi_god_temple2, demons_altar,
          minmay_temple_entry_ruins, uniq_crazy_yiuf_cottage, uniq_pikel,
          uniq_duvessa
D:7:      layout_basic, mainiacjoe_overflow_alcove_1
D:8:      layout_cave_pods, beargit_hepliaklqana_dungeon_heroes,
          lair_entry_dummy, dk_vineyard_1, uniq_psyche
D:9:      layout_loops_ring, overflow_temple_1_default
Temple:   dpeg_three_leaves_temple

Skill      XL: |  1  2  3  4  5  6  7  8  9 10 |
---------------+-------------------------------+-----
Earth Magic    | 4 5 6 7 8 9 |  9.5
Fighting       | 1 2 3 4 5 |  5.4
Stealth        | 3 4 5 6 |  6.7
Spellcasting   | 3 4 5 6 7 |  7.1
Armour         | 1 2 3 4 5 |  5.1
Conjurations   | 1 2 3 4 6 7 |  7.3
Shields        | 1 2 |  2.4
Dodging        | |  1.8
Transmutations | |  0.7

Action                   |  1- 3 |  4- 6 |  7- 9 | 10-12 || total
-------------------------+-------+-------+-------+-------++-------
Melee: Short sword       |     3 |    24 |       |       ||    27
       War axe           |       |    22 |    11 |       ||    33
       Dagger            |       |       |    72 |       ||    72
       Scimitar          |       |       |       |    16 ||    16
 Cast: Sandblast         |    53 |    76 |    86 |    47 ||   262
       Stone Arrow       |       |     7 |    64 |    17 ||    88
       Sticky Flame      |       |       |       |     4 ||     4
Evoke: Wand              |       |       |       |    10 ||    10
  Use: Scroll            |     3 |       |    11 |     2 ||    16
       Potion            |       |     2 |       |       ||     2
 Stab: Sleeping          |     1 |       |     1 |       ||     2
       Distracted        |       |       |       |     1 ||     1
Armor: Robe              |     4 |       |       |       ||     4
       Leather armour    |     3 |    28 |    40 |       ||    71
       Skin              |       |     7 |       |       ||     7
       Steam dragon scal |       |       |     1 |    17 ||    18
Dodge: Dodged            |    16 |    38 |   110 |    27 ||   191
       Rpst.: Scimitar   |       |       |       |     8 ||     8
